[Event "*** Titled Tuesday Blitz"]
[Site "Chess.com"]
[Date "2020.10.27"]
[Round "4"]
[White "Zhigalko_Sergei"]
[Black "BogdanBelyakov89"]
[Result "1-0"]
[WhiteElo "2900"]
[BlackElo "2582"]
[TimeControl "180+1"]
[EndTime "10:39:26 PDT"]
[Termination "Zhigalko_Sergei won by resignation"]

1. e4 e5 2. Nf3 Nc6 3. Bb5 Nf6 4. O-O Nxe4 5. d4 Nd6 6. Bxc6 dxc6 7. dxe5 Nf5 8.
Qxd8+ Kxd8 9. Nc3 Ke8 10. h3 h5 11. Bg5 Be6 12. Rfd1 Be7 13. b3 f6 14. Bf4 Rc8 15. Ne4 Kf7 16. c4 Rhe8 17. g4 hxg4 18. hxg4 Nh6 19. exf6 Bxf6 20. Nxf6 Kxf6 21. g5+ Kf5 22.
Rd4 Nf7 23. Kg2 c5 24. Nh4+ Kg4 25. f3+ Kh5 26. Re4 Bd7 27. Rh1 Rxe4 28. fxe4 Re8 29. g6 Nd6 30. e5 Kg4 31. Nf3 Kxf4 32. Rh4+ Ke3 33. exd6 Bc6 34. Kg3 Bxf3 35. dxc7 Rc8 36.
Rf4 Be4 37. Rf7 Bxg6 38. Rxg7 Be4 39. Re7 Kd4 40. Kf4 Bc6 41. Kf5 b5 42. cxb5 Bxb5 43.
Ke6 a5 44. Kd6 c4 45. bxc4 Kxc4 46. Re5 Kb4 47. a3+ Ka4 48. Rg5 Rh8 49. Re5 Ba6 50.
Kd7 Kxa3 51. Rxa5+ Kb4 52. Rxa6 Kb5 53. Re6 1-0

[Event "*** Titled Tuesday Blitz"]
[Site "Chess.com"]
[Date "2020.10.27"]
[Round "4"]
[White "Smirnov_Pavel"]
[Black "AleksibFan"]
[Result "1-0"]
[WhiteElo "2861"]
[BlackElo "2566"]
[TimeControl "180+1"]
[EndTime "10:39:28 PDT"]
[Termination "Smirnov_Pavel won by checkmate"]

1. d4 d5 2. c4 c6 3. cxd5 cxd5 4. Bf4 Nf6 5. Nc3 Nc6 6. e3 Bf5 7. Qb3 Na5 8. Qa4+ Bd7 9. Qc2 Rc8 10. Nf3 e6 11.
Bd3 Be7 12. h3 O-O 13. O-O b5 14. a3 a6 15. Ne5 Bc6 16. Qe2 Nd7 17. Nxc6 Rxc6 18.
e4 Nb6 19. exd5 exd5 20. Rfe1 Bf6 21. Be5 Nac4 22. Rad1 g6 23. Bb1 Nxa3 24. bxa3 Rxc3 25. Qd2 Rc6 26. Qf4 Nc4 27. Ba2 Re6 28. Qg3 Rfe8 29.
Rd3 Qe7 30. Rf1 Bxe5 31. dxe5 Rxe5 32. Kh2 Qf6 33. Bb1 Qe6 34. Rf3 Qe7 35. Bc2 Nd2 36.
Rd1 Nxf3+ 37. Qxf3 Re6 38. g3 d4 39. Kg2 Rd6 40. Bb3 Qd7 41. Qf4 Re7 42. Kg1 Qd8 43. h4 d3 44. h5 d2 45. h6 Re1+ 46. Kh2 Rxd1 47. Qxf7+ Kh8 48. Qg7# 1-0

[Event "*** Titled Tuesday Blitz"]
[Site "Chess.com"]
[Date "2020.10.27"]
[Round "4"]
[White "Oglob71"]
[Black "winniethepooh04"]
[Result "0-1"]
[WhiteElo "2442"]
[BlackElo "2214"]
[TimeControl "180+1"]
[EndTime "10:39:29 PDT"]
[Termination "winniethepooh04 won on time"]

1. d4 Nf6 2. Nf3 g6 3. c4 Bg7 4. Nc3 d6 5. Bg5 O-O 6. e3 a5 7. h3 Na6 8. Be2 h6 9. Bh4 c5 10. d5 Nc7 11. O-O Rb8 12. Nd2 Bd7 13. a4 Na6 14. e4 Nb4 15. f4 Qc8 16. Nf3 e6 17. e5 Nh5 18. Qd2 exd5 19. cxd5 Bxh3 20. gxh3 Qxh3 21. Bc4 dxe5 22. Qh2 Nxf4 23. Qxh3 Nxh3+ 24. Kh2 Nf4 25. Rae1 Nc2 26. Re2 Nxe2 27. Bxe2 Nd4 28.
Bb5 f5 29. Be7 Rf7 30. d6 e4 31. Nh4 Be5+ 32. Kg2 g5 33. Bc4 gxh4 34. Bxf7+ Kxf7 35. Nd5 Rg8+ 36. Kh3 Rg3+ 37. Kxh4 Nf3+ 38. Rxf3 exf3 39. Ne3 f2 40. Nf1 Rg1 41. Ne3 f1=Q 42. Nxf1 Rxf1 43. Bd8 Bxd6 44. Kh3 Be7 45. Bxa5 Rb1 46. Bc3 Rc1 47. a5 Bf6 48. Bd2 Rc2 49. Bxh6 Rxb2 50. Kg3 Ra2 51.
Kf3 Rxa5 52. Bd2 Ra3+ 53. Ke2 b5 0-1

[Event "*** Titled Tuesday Blitz"]
[Site "Chess.com"]
[Date "2020.10.27"]
[Round "4"]
[White "IMprovidence"]
[Black "JoachimMouhamad"]
[Result "0-1"]
[WhiteElo "2444"]
[BlackElo "2298"]
[TimeControl "180+1"]
[EndTime "10:39:33 PDT"]
[Termination "JoachimMouhamad won on time"]

1. c4 e5 2. g3 Nf6 3. Bg2 d5 4. cxd5 Nxd5 5. Nc3 Nb6 6. d3 Nc6 7. Be3 Be7 8. Rc1 O-O 9. a3 Re8 10. Bxc6 bxc6 11. Nf3 Bd6 12. O-O Bh3 13. Re1 h6 14. Ne4 f5 15. Nxd6 Qxd6 16. Qb3+ Kh7 17. Qc3 Re6 18. Bc5 Qd5 19. e4 fxe4 20. dxe4 Qd7 21.
Nxe5 Qe8 22. Bxb6 cxb6 23. Nc4 Rd8 24. e5 Rd5 25. f4 Qh5 26. Qc2+ Bf5 27. Qe2 Qh3 28.
Ne3 Be4 29. Nxd5 cxd5 30. Rc7 Rg6 31. Qf2 h5 32. Re3 Kh6 33. Rf7 Rc6 34. Re1 Rc2 35. Rxe4 Rxf2 36. Kxf2 Qxh2+ 37. Ke3 Qg1+ 38. Kd3 Qd1+ 39.
Ke3 Qe1+ 40. Kd3 Qxe4+ 41. Kc3 Qc4+ 42. Kd2 Qd4+ 43. Kc2 Qe4+ 44. Kb3 d4 45. Rd7 d3 46. Kc3 Qc6+ 47. Kxd3 Qxd7+ 48. Ke3 Kg6 49. Ke4 Qc6+ 50.
Kd4 Kf5 51. e6 Kxe6 0-1

[Event "*** Titled Tuesday Blitz"]
[Site "Chess.com"]
[Date "2020.10.27"]
[Round "4"]
[White "TengisChess"]
[Black "garicradomir"]
[Result "0-1"]
[WhiteElo "2598"]
[BlackElo "2340"]
[TimeControl "180+1"]
[EndTime "10:39:34 PDT"]
[Termination "garicradomir won by checkmate"]

1. e4 Nc6 2. Nc3 e5 3. Bc4 Nf6 4. Nf3 Nxe4 5. Nxe4 d5 6. Bd3 dxe4 7. Bxe4 Bd6 8. O-O O-O 9. c3 f5 10. Bd5+ Kh8 11. d3 Ne7 12. Bb3 Ng6 13. Ng5 Qf6 14. Qh5 h6 15. Bd2 Bd7 16. Rae1 Be8 17. Qh3 a5 18. Ne6 Rg8 19. Bg5 Qf7 20. Nd4 Qd7 21.
Be6 exd4 22. Bxd7 Bxd7 23. Bxh6 Rgf8 24. Bf4+ Kg8 25. Bxd6 cxd6 26. Qg3 Rf6 27. f4 dxc3 28. bxc3 Rc8 29. c4 Bc6 30. h4 Kf7 31. h5 Nf8 32. Re7+ Kxe7 33. Qxg7+ Rf7 34. Re1+ Ne6 35. Qg6 Rf6 36.
Qg7+ Rf7 37. Qh6 Rf6 38. Qg5 Rf8 39. Qh4 Rg8 40. Re2 Kf7 41. h6 Rh8 42. Qh5+ Kf8 43.
Qh4 Rhxh6 44. Qg3 Rfg6 45. Qe3 Rh4 46. d4 Be4 47. d5 Nxf4 48. Qb6 Nxe2+ 49. Kf2 Rxg2+ 50.
Ke1 Rh1+ 51. Kd2 Nd4+ 52. Ke3 Nc2+ 53. Kf4 Rf1+ 54. Qf2 Rfxf2# 0-1

[Event "*** Titled Tuesday Blitz"]
[Site "Chess.com"]
[Date "2020.10.27"]
[Round "4"]
[White "Khazieva_Elza"]
[Black "levallem"]
[Result "1-0"]
[WhiteElo "2476"]
[BlackElo "2303"]
[TimeControl "180+1"]
[EndTime "10:39:36 PDT"]
[Termination "Khazieva_Elza won by checkmate"]

1. e4 c5 2. Nf3 g6 3. d3 Nc6 4. g3 Bg7 5. Bg2 d6 6. O-O e5 7. Nc3 Nge7 8. Nd2 O-O 9. Nc4 Be6 10. a4 a6 11. Nd5 Rb8 12. a5 Bxd5 13. exd5 Nd4 14. c3 Nb5 15. f4 f6 16. Qb3 Kh8 17.
Bd2 Qd7 18. Nb6 Qc7 19. Bh3 Rbd8 20. Be6 Qb8 21. Nd7 Rxd7 22. Bxd7 Nc7 23. c4 f5 24. fxe5 Bxe5 25. Bc3 Qd8 26. Be6 Nxe6 27. dxe6 Qc7 28.
Rae1 Nc6 29. Qb6 Qxb6 30. axb6 Re8 31. g4 f4 32. Rxf4 Rxe6 33. Bxe5+ Nxe5 34. Ree4 Kg7 35. h3 h6 36. Rf1 g5 37. Kg2 Re7 38. Rf5 Re6 39. Kg3 Re7 40. h4 Kg6 41. h5+ Kg7 42.
Re3 Re6 43. Rfxe5 dxe5 44. Kf3 Rf6+ 45. Ke4 Rf4+ 46. Kxe5 Rxg4 47. Kd6 Rf4 48. Re7+ Kf6 49. Rxb7 g4 50. Rb8 Kg5 51. Rg8+ Kh4 52. b7 Rf6+ 53.
Kxc5 Rf5+ 54. Kb4 Rf2 55. Kc3 g3 56. b8=Q g2 57. Qg3+ Kxh5 58. Qg4# 1-0

[Event "*** Titled Tuesday Blitz"]
[Site "Chess.com"]
[Date "2020.10.27"]
[Round "4"]
[White "ChessWarrior7197"]
[Black "RD4ever"]
[Result "1-0"]
[WhiteElo "2980"]
[BlackElo "2789"]
[TimeControl "180+1"]
[EndTime "10:39:37 PDT"]
[Termination "ChessWarrior7197 won on time"]

1. d4 Nf6 2. c4 g6 3. Nc3 Bg7 4. g3 O-O 5. Bg2 d6 6. Nf3 c6 7.
O-O Qb6 8. b3 e5 9. Bb2 e4 10.
Ne1 d5 11. Nc2 h5 12. Ne3 Be6 13. Na4 Qd8 14. Nc5 Bc8 15. b4 b6 16. Nb3 Be6 17. cxd5 cxd5 18. f4 exf3 19. exf3 Qd7 20. a4 Bh3 21. b5 Bh6 22. Bxh3 Qxh3 23. Ng2 Nbd7 24. Bc1 Bxc1 25. Rxc1 Rac8 26. Qd3 Qe6 27. Rfe1 Qd6 28. Nf4 Kg7 29. Rc3 Qb4 30. Rec1 Rxc3 31. Rxc3 Qxa4 32.
Rc7 Re8 33. Kf2 Qa2+ 34. Nd2 Nf8 35. h4 Kg8 36. Qc2 Qa1 37. Ne2 Qh1 38. Nf1 Ne6 39. Rc8 Rxc8 40. Qxc8+ Kg7 41. Qb8 g5 42. hxg5 Nxg5 43.
Ng1 Nh3+ 44. Nxh3 Qxh3 45. Qxa7 h4 46. g4 Qh1 47. Qb8 Kg6 48. Qe5 Nh7 49. Ne3 Qb1 50.
Qh5+ Kf6 51. Nxd5+ Ke6 52. Nf4+ Kf6 53. Qxh4+ Ng5 54.
Qh6+ 1-0

[Event "*** Titled Tuesday Blitz"]
[Site "Chess.com"]
[Date "2020.10.27"]
[Round "4"]
[White "dopolian"]
[Black "ajedrezhoy"]
[Result "1-0"]
[WhiteElo "2432"]
[BlackElo "2235"]
[TimeControl "180+1"]
[EndTime "10:39:37 PDT"]
[Termination "dopolian won on time"]

1. Nf3 Nf6 2. c4 g6 3. b3 Bg7 4. Bb2 O-O 5. g3 d6 6. Bg2 e5 7. O-O Re8 8. e3 c5 9. d4 exd4 10. exd4 Nc6 11. d5 Ne7 12. Re1 b5 13. Nbd2 bxc4 14.
bxc4 Rb8 15. Bc3 Bf5 16. Qa4 Qd7 17. Qxd7 Nxd7 18. Bxg7 Kxg7 19. Re3 Ng8 20. Rae1 Rxe3 21. Rxe3 Ngf6 22. Ra3 Rb7 23. h3 h5 24. Nf1 Be4 25.
Ne3 Bxf3 26. Bxf3 Ne5 27. Be2 Ne4 28. f4 Nxg3 29. fxe5 Nxe2+ 30. Kf2 Nd4 31. exd6 Kf6 32. Ra6 Ke5 33. Nd1 Nf5 34. d7 Rxd7 35. Nb2 Kd4 36.
Rc6 Nd6 37. Na4 Nxc4 38. Nxc5 Rxd5 39. Nb3+ Kd3 40. Rc7 Ne5 41. Rxa7 Kc3 42. Ra4 g5 43. Ra8 h4 44. Rg8 f6 45. Rf8 Nd7 46. Rf7 Kb2 47. Na5 Kxa2 48. Nc6 Kb3 49. Ne7 Rd2+ 50. Ke3 Rh2 51.
Nd5 Rxh3+ 52. Ke4 Nc5+ 53. Kf5 Rf3+ 54. Kg4 1-0

[Event "*** Titled Tuesday Blitz"]
[Site "Chess.com"]
[Date "2020.10.27"]
[Round "4"]
[White "talman67"]
[Black "A-Fier"]
[Result "0-1"]
[WhiteElo "2535"]
[BlackElo "2770"]
[TimeControl "180+1"]
[EndTime "10:39:38 PDT"]
[Termination "A-Fier won on time"]

1. e4 Nf6 2. e5 Nd5 3. d4 d6 4.
Nf3 g6 5. Bc4 Nb6 6. Bb3 Bg7 7.
Qe2 O-O 8. a4 Bg4 9. a5 N6d7 10.
e6 fxe6 11. Bxe6+ Bxe6 12. Qxe6+ Kh8 13. O-O Rxf3 14. gxf3 Nc6 15. c3 Nf8 16. Qf7 e5 17.
d5 Nb8 18. Ra4 Nbd7 19. a6 bxa6 20. Be3 a5 21. Nd2 Nb6 22. Rxa5 Nfd7 23. Rfa1 Qh4 24. Rxa7 Rf8 25. Qe6 Bh6 26. Bxh6 Qxh6 27. Ne4 Qf4 28. Qg4 Nxd5 29. Qxf4 Rxf4 30. c4 N5b6 31. Rxc7 Rxf3 32.
Nxd6 Rd3 33. c5 Nxc5 34. Nf7+ Kg7 35. Ng5+ Kh6 36. Rxc5 Kxg5 37. Rxe5+ Kh6 38. Rb5 Nd5 39. Rb7 Nf4 40. b4 Rb3 41. b5 Rb2 42. b6 Kg5 43. Kf1 Kg4 44. Rxh7 Rxb6 45. Kg1 Rb2 46. Kh1 Rxf2 47.
Rg1+ Kf5 48. Rf7+ Ke4 49. Ra7 Kf5 50. Rga1 Kg4 51. R7a2 Rf3 52. Ra3 Nd3 53. Kg1 g5 54. Rd1 Nf4 55. Rxf3 Kxf3 56. Ra1 Ne2+ 57. Kf1 Nf4 58.
Ra3+ Kg4 59. Kf2 Kh4 60. Rg3 Nh5 61. Ra3 Nf6 62. Kf3 Kh3 63. Ra6 g4+ 0-1

[Event "*** Titled Tuesday Blitz"]
[Site "Chess.com"]
[Date "2020.10.27"]
[Round "4"]
[White "pedro_nascimento85"]
[Black "totoro9"]
[Result "0-1"]
[WhiteElo "1999"]
[BlackElo "2267"]
[TimeControl "180+1"]
[EndTime "10:39:38 PDT"]
[Termination "totoro9 won by checkmate"]

1. d4 Nf6 2. c4 g6 3. Nc3 Bg7 4. e4 d6 5. Be2 O-O 6. Nf3 e5 7. d5 a5 8. Bg5 h6 9. Bh4 g5 10. Bg3 Nh5 11. Nd2 Nf4 12. O-O Nxe2+ 13. Qxe2 Na6 14. a3 Qf6 15. Rab1 Qg6 16. b4 axb4 17.
axb4 h5 18. f3 g4 19. Bf2 Bh6 20. c5 Bxd2 21. Qxd2 gxf3 22. Be3 fxg2 23. Qxg2 Bh3 24. Qxg6+ fxg6 25. Rxf8+ Rxf8 26. cxd6 cxd6 27. Bf2 Nc7 28.
b5 Rf3 29. Rc1 Ne8 30. b6 Nf6 31. Rc2 Ng4 32. Nd1 Rb3 33. Rc1 Rb4 34. Nc3 Rb2 35. Nd1 Rb4 36. Nc3 Rc4 37. Bh4 Ne3 38. Ne2 Rxe4 39. Kf2 Nf5 40. Bd8 Bg4 41. Ng3 Nxg3 42. Kxg3 Rd4 43. Rc7 Rxd5 44. Rxb7 Rb5 45. Rb8 Kf7 46.
Bc7 Ke6 47. Re8+ Kd5 48. Rd8 Ke4 49. Rxd6 g5 50. Kf2 Rb2+ 51. Kg1 Ke3 52. Rc6 Rb1+ 53. Kg2 Bf3+ 54. Kg3 Rg1+ 55. Kh3 Bg4# 0-1

[Event "*** Titled Tuesday Blitz"]
[Site "Chess.com"]
[Date "2020.10.27"]
[Round "4"]
[White "Zhani-Z"]
[Black "ural58"]
[Result "1-0"]
[WhiteElo "2532"]
[BlackElo "2338"]
[TimeControl "180+1"]
[EndTime "10:39:41 PDT"]
[Termination "Zhani-Z won by resignation"]

1. e4 d5 2. exd5 Qxd5 3. Nc3 Qa5 4. d4 Nf6 5. Nf3 Nc6 6. Bd2 a6 7. Bc4 Qh5 8. d5 Ne5 9. Nxe5 Qxe5+ 10. Be3 Ng4 11.
Qd4 b5 12. Be2 Qxd4 13. Bxd4 Nh6 14. O-O Bb7 15. a3 O-O-O 16. Rfd1 Nf5 17. Be5 Nd6 18. a4 b4 19. Na2 a5 20. c3 bxc3 21. Bxc3 Ne4 22.
Bxa5 Rxd5 23. Rxd5 Bxd5 24. Nb4 e6 25. Rc1 Bxb4 26.
Bxb4 Rd8 27. f3 Nd6 28. Kf2 Kd7 29. Bc3 f6 30. b4 Bc4 31. Bd1 Ba6 32. b5 Bb7 33.
Ba5 Rc8 34. Bb4 Bd5 35. Be2 Ra8 36. a5 g5 37. a6 h5 38. h3 e5 39. Ba5 Rc8 40. a7 f5 41. Bd3 e4 42. fxe4 Nxe4+ 43. Bxe4 Bxe4 44. g3 g4 45. h4 Bb7 46.
Ke3 Be4 47. Kf4 Ra8 48. Rxc7+ Ke6 49. b6 Rd8 50. b7 Rd4 51. b8=Q 1-0

[Event "*** Titled Tuesday Blitz"]
[Site "Chess.com"]
[Date "2020.10.27"]
[Round "4"]
[White "InitiatingASC"]
[Black "Vandros57"]
[Result "1-0"]
[WhiteElo "2414"]
[BlackElo "2203"]
[TimeControl "180+1"]
[EndTime "10:39:41 PDT"]
[Termination "InitiatingASC won on time"]

1. Nf3 c5 2. b3 Nc6 3. Bb2 d5 4. e3 a6 5. d4 e6 6. Be2 Nf6 7. O-O Be7 8. dxc5 Bxc5 9. c4 O-O 10.
Nbd2 Ba7 11. Ne5 Nxe5 12. Bxe5 dxc4 13. Nxc4 Bd7 14. Rc1 Bc6 15. Nd6 Qe7 16. Bxa6 Bxg2 17. Kxg2 bxa6 18. Qf3 Nd5 19. Ne4 Rfc8 20. Qg3 f6 21.
Bb2 Bb6 22. h4 Qb7 23. Kh3 Rxc1 24. Rxc1 Qd7 25. Nxf6+ Nxf6 26. Bxf6 e5+ 27. Kh2 Rf8 28. Bxe5 g6 29. Rg1 Qd2 30. Rg2 Qd5 31. h5 Rf3 32. Qg5 Qe6 33. Bg3 Rf5 34. Qg4 Rxh5+ 35. Bh4 Qxg4 36. Rxg4 Bd8 37. Kg3 Bxh4+ 38. Rxh4 Rc5 39.
Ra4 Rc6 40. e4 Kf7 41. f4 Ke6 42. Kg4 h6 43. Rc4 Rb6 44. b4 Rd6 45. a4 Rd1 46. Rc6+ Kf7 47. Rxa6 Rg1+ 48. Kf3 Rf1+ 49. Kg3 h5 50. b5 h4+ 51. Kxh4 Rxf4+ 52. Kg5 Rxe4 53. Ra7+ Ke6 54. Kxg6 Rb4 55. Ra6+ 1-0

[Event "*** Titled Tuesday Blitz"]
[Site "Chess.com"]
[Date "2020.10.27"]
[Round "4"]
[White "sopo-tereladze"]
[Black "Klavdia_Nik"]
[Result "1-0"]
[WhiteElo "2314"]
[BlackElo "2070"]
[TimeControl "180+1"]
[EndTime "10:39:43 PDT"]
[Termination "sopo-tereladze won on time"]

1. d4 Nf6 2. Nf3 c5 3. c3 b6 4. Bf4 Bb7 5. e3 g6 6. Be2 Bg7 7. O-O O-O 8. Nbd2 d6 9. Re1 Nbd7 10. a4 Nd5 11. Bg3 e5 12. dxe5 dxe5 13. Nc4 Qe7 14. e4 Nf4 15. Bxf4 exf4 16. Nd6 Bc6 17. Bc4 Ne5 18.
Nxe5 Bxe5 19. Nb5 a6 20. Na3 Rfd8 21. Qe2 Qc7 22. h3 Bb7 23. Rad1 Kg7 24. Bd5 Rac8 25. Nc4 f6 26. Nxe5 fxe5 27. Qg4 Rb8 28. Bxb7 Rxb7 29. Qe6 Re8 30. Qd5 Qe7 31. Rd3 Rbb8 32. Red1 b5 33. Qc6 Qg5 34. Qxc5 bxa4 35. Qc7+ Kh6 36. Rd7 Rh8 37.
R1d3 Rxb2 38. Qd6 Rhb8 39. Rf3 R2b7 40. Rxb7 Rxb7 41. Qxa6 Rb1+ 42. Kh2 Ra1 43. Qa8 Qe7 44. g3 fxg3+ 45. Rxg3 Ra2 46. Rf3 a3 47. Qd5 Rb2 48. Qd1 a2 49. Qc1+ Kg7 50. Qxb2 1-0

[Event "*** Titled Tuesday Blitz"]
[Site "Chess.com"]
[Date "2020.10.27"]
[Round "4"]
[White "madmax011"]
[Black "chesslh19"]
[Result "0-1"]
[WhiteElo "1821"]
[BlackElo "2213"]
[TimeControl "180+1"]
[EndTime "10:39:43 PDT"]
[Termination "chesslh19 won by checkmate"]

1. d4 Nf6 2. c4 e6 3. Nf3 d5 4.
g3 Be7 5. Bg2 O-O 6. O-O dxc4 7. Qc2 a6 8. Qxc4 b5 9. Qc2 Bb7 10. Bg5 Nbd7 11. a3 c5 12. dxc5 Nxc5 13. Bxf6 gxf6 14. Nc3 Rc8 15. Rac1 f5 16. Rfd1 Qb6 17.
e3 Ne4 18. Qb3 Nxc3 19. Rxc3 Rxc3 20. Qxc3 Rc8 21. Qe5 Qc7 22. Qxc7 Rxc7 23. Nd4 Be4 24. Bxe4 fxe4 25. Kf1 Bf6 26. Ke2 Kg7 27. Rd2 Rc1 28. Rc2 Rxc2+ 29. Nxc2 Bxb2 30. Kd2 a5 31. Ke2 f5 32. f3 exf3+ 33. Kxf3 Kf6 34. e4 Ke5 35. exf5 exf5 36. Ke3 Bc3 37. h3 h5 38. Kf3 b4 39.
axb4 axb4 40. g4 b3 41. Na3 fxg4+ 42. hxg4 h4 43. Kg2 Kf4 44. Kh3 Kg5 45. Nb1 Bb4 46. Kh2 Kxg4 47. Kg2 h3+ 48. Kh2 Kh4 49. Kh1 Kg3 50. Kg1 Kf3 51. Kh2 Ke2 52. Kxh3 Kd1 53.
Kg3 Kc2 54. Na3+ Bxa3 55. Kf3 b2 56. Ke3 b1=Q 57. Ke4 Qb4+ 58. Kd5 Qc5+ 59. Ke6 Kd3 60. Kf7 Qd6 61. Kg8 Qe7 62. Kh8 Bb2+ 63. Kg8 Qg7# 0-1

[Event "*** Titled Tuesday Blitz"]
[Site "Chess.com"]
[Date "2020.10.27"]
[Round "4"]
[White "GameOverBro"]
[Black "Blitzstream"]
[Result "1/2-1/2"]
[WhiteElo "2521"]
[BlackElo "2718"]
[TimeControl "180+1"]
[EndTime "10:39:46 PDT"]
[Termination "Game drawn by repetition"]

1. e4 d5 2. exd5 Qxd5 3. Nc3 Qa5 4. d4 Nf6 5. Nf3 Nc6 6. Bb5 Ne4 7. Bxc6+ bxc6 8.
Bd2 Nxc3 9. Bxc3 Qd5 10. O-O Bg4 11. Re1 Bxf3 12. Qxf3 Qxf3 13. gxf3 e6 14. a3 O-O-O 15. Rad1 Be7 16. Bb4 Bf6 17. Bc5 Rd5 18. Rd3 a6 19. Red1 Rhd8 20. Kg2 h5 21. h3 g6 22. a4 Rf5 23. b3 Rf4 24. R1d2 g5 25. Rd1 Rd5 26.
R1d2 Rdf5 27. Rd1 g4 28. hxg4 hxg4 29. fxg4 Rxg4+ 30. Rg3 Rgf4 31. f3 Rd5 32. Rd3 Bxd4 33. Bxd4 Rfxd4 34. Rc3 Kb7 35. Rg7 Rf5 36. Kg3 c5 37.
Rh7 Kb6 38. Rh8 Kb7 39. Rh7 Rb4 40. Rg7 Kb6 41. Rg8 Kb7 42. Rg7 Kc6 43. Rg8 c4 44.
Rxc4+ Rxc4 45. bxc4 Ra5 46. Rf8 f5 47. Kf4 Rxa4 48. Ke5 Rxc4 49. Kxe6 Rxc2 50. Rxf5 Re2+ 51. Kf7 Kb6 52. f4 a5 53. Re5 Rf2 54. f5 a4 55.
f6 a3 56. Ke7 a2 57. Re1 Re2+ 58. Rxe2 a1=Q 59. Re6+ Kb5 60. f7 Qa3+ 61. Ke8 Qa8+ 62. Ke7 Qa3+ 63. Ke8 Qa8+ 64. Ke7 Qa3+ 1/2-1/2

[Event "*** Titled Tuesday Blitz"]
[Site "Chess.com"]
[Date "2020.10.27"]
[Round "4"]
[White "Lady_Nika"]
[Black "Jungle_Jaguar"]
[Result "1-0"]
[WhiteElo "2455"]
[BlackElo "2630"]
[TimeControl "180+1"]
[EndTime "10:39:46 PDT"]
[Termination "Lady_Nika won by resignation"]

1. d4 Nf6 2. e3 g6 3. Bd3 Bg7 4. f4 O-O 5. Nf3 d6 6. O-O b6 7.
c3 Bb7 8. Nbd2 Nbd7 9. e4 c5 10. d5 a6 11. c4 Qc7 12. Qe2 Rae8 13. Rb1 e5 14. fxe5 Nxe5 15. Nxe5 Rxe5 16. b3 Re7 17. Qf3 Nd7 18. Bc2 Ne5 19. Qg3 Bc8 20. Bb2 b5 21. Nf3 Nxf3+ 22. Rxf3 Bxb2 23. Rxb2 Re5 24. Bd3 b4 25.
Rbf2 Qe7 26. Rf6 Kg7 27. Qf4 a5 28. h3 Bd7 29. g4 h5 30. Rf3 g5 31. Qg3 hxg4 32.
hxg4 Qxf6 33. Rxf6 Kxf6 34. Qf3+ Ke7 35. Qh3 Rg8 36. Qh7 Rg6 37. Qh8 Bxg4 38. Qa8 Bd7 39. Qxa5 g4 40. Qa8 Rh5 41. e5 Rgh6 42. exd6+ Rxd6 43. Qa7 Rh3 44. Bf1 Rg3+ 45. Kf2 Rf3+ 46. Kg2 Rdf6 47.
Qxc5+ Ke8 48. Be2 R3f5 49. Qe3+ Kf8 50. Kg3 Kg7 51. Qe4 Rg6 52. Qd4+ Kg8 53. c5 Rh5 54. c6 Rh3+ 55. Kg2 Bf5 56. d6 g3 57. d7 Rh2+ 58.
Kg1 Kh7 59. d8=Q Rg8 60. Q8h4+ Rxh4 61. Qxh4+ Kg7 62. Qg5+ Bg6 63. c7 Rc8 64. Qe5+ Kg8 65. Ba6 Rxc7 66. Qxc7 1-0

[Event "*** Titled Tuesday Blitz"]
[Site "Chess.com"]
[Date "2020.10.27"]
[Round "4"]
[White "infinitegiantkiller"]
[Black "TomiLen"]
[Result "0-1"]
[WhiteElo "2414"]
[BlackElo "2644"]
[TimeControl "180+1"]
[EndTime "10:39:46 PDT"]
[Termination "TomiLen won by checkmate"]

1. d4 d5 2. c4 c6 3. cxd5 cxd5 4. Nc3 Nf6 5. Bf4 Nc6 6. Nf3 Nh5 7. Bg3 e6 8. e3 Bd7 9. Bd3 Rc8 10. Rc1 Be7 11.
O-O Nxg3 12. hxg3 O-O 13. Bb1 g6 14. Na4 b6 15. Nc3 Na5 16. Qe2 Nc4 17. Bd3 Bb4 18. a3 Bd6 19. e4 Bc6 20. Bxc4 dxc4 21. d5 exd5 22. exd5 Bd7 23. Rcd1 Re8 24. Qd2 b5 25. Rfe1 Rxe1+ 26. Rxe1 Qc7 27. Nd4 a6 28. Ne4 Be5 29.
Nf3 Bg7 30. Nc3 Rd8 31. Qg5 h6 32. Qe7 Re8 33. Qh4 Rxe1+ 34. Nxe1 g5 35. Qe4 Qe5 36. Qxe5 Bxe5 37. Nf3 Bg7 38. Kf1 Kf8 39. Ke2 Ke7 40.
Ke3 f5 41. Nd4 Kd6 42. g4 fxg4 43. Nc2 h5 44. Nb4 h4 45. Nxa6 h3 46. gxh3 gxh3 47.
Kf3 g4+ 48. Kg3 Be5+ 49. f4 gxf3+ 50. Kxf3 h2 51. Kg2 Bg4 52. Ne4+ Kxd5 53. Nf2 Bc8 54.
Nb4+ Kc5 55. Kf1 Bxb2 56. Nbd3+ cxd3 57. Nxd3+ Kd4 58. Kg2 Kxd3 59. Kxh2 Bxa3 60. Kg2 b4 61. Kf1 b3 62. Ke1 b2 63. Kf2 b1=Q 64. Kf3 Qf1+ 65. Kg3 Bd6+ 66. Kh4 Qg2 67. Kh5 Bf4 68. Kh4 Qg4# 0-1

[Event "*** Titled Tuesday Blitz"]
[Site "Chess.com"]
[Date "2020.10.27"]
[Round "4"]
[White "Kaslask"]
[Black "PavelShkapenko"]
[Result "0-1"]
[WhiteElo "2358"]
[BlackElo "2634"]
[TimeControl "180+1"]
[EndTime "10:39:47 PDT"]
[Termination "PavelShkapenko won on time"]

1. d4 Nf6 2. c4 e6 3. Nf3 Bb4+ 4. Bd2 Qe7 5. g3 Nc6 6. Bg2 Bxd2+ 7. Nbxd2 d6 8. O-O a5 9. e4 e5 10. d5 Nb8 11.
Ne1 O-O 12. Nd3 Na6 13. b3 Bg4 14. f3 Bd7 15. a3 c6 16. Qb1 Qd8 17. Kh1 cxd5 18.
cxd5 Bb5 19. Nc4 Bxc4 20. bxc4 Qc7 21. Qb5 Nd7 22. Rfc1 Nac5 23. Nxc5 Nxc5 24. Rab1 f5 25. exf5 Rxf5 26. Qb6 Qe7 27. Rb5 Raf8 28. Rxc5 dxc5 29. d6 Qg5 30. Rd1 Rd8 31. Qxb7 Qe3 32. Qe7 Rff8 33.
d7 Qxa3 34. h4 Qb3 35. Qd6 Qxc4 36. Bh3 Qc3 37. Be6+ Kh8 38. Bd5 c4 39. Be4 Qb4 40. Qxe5 Qa4 41. Rd2 Rxd7 42. Rc2 Qb4 43. Qh5 g6 44. Qe5+ Rg7 45. h5 gxh5 46. Rh2 Qe1+ 47.
Kg2 Qe2+ 48. Kh3 Qf1+ 49. Kh4 Qc1 50. Rb2 Qh6 51. Rb7 Qf6+ 52. Qxf6 Rxf6 53. Rb8+ Rg8 54. Rb5 a4 55. Rxh5 h6 56. Ra5 Rc8 57. Rxa4 c3 58.
Ra2 Rb6 59. Kh5 Rb2 0-1

[Event "*** Titled Tuesday Blitz"]
[Site "Chess.com"]
[Date "2020.10.27"]
[Round "4"]
[White "Ermito2020"]
[Black "Sergey85Rodchenkov"]
[Result "1/2-1/2"]
[WhiteElo "2648"]
[BlackElo "2454"]
[TimeControl "180+1"]
[EndTime "10:39:48 PDT"]
[Termination "Game drawn by repetition"]

1. e4 c5 2. Nf3 d6 3. d4 cxd4 4. Nxd4 Nf6 5. Nc3 a6 6. Nb3 e5 7. Bg5 Nbd7 8. Qd3 Be7 9. O-O-O Qc7 10. Kb1 b5 11. a3 Bb7 12. Be2 Rc8 13. g4 Nc5 14.
Nxc5 Qxc5 15. Bxf6 Bxf6 16. Qxd6 Qxd6 17. Rxd6 O-O 18.
Nd5 Bh4 19. Rb6 Rb8 20. Rd1 Bxf2 21. Rd6 Bc5 22. Rd7 Rfe8 23. b4 Bf8 24. c4 Bc6 25.
Rc7 Rec8 26. Rxc8 Rxc8 27. c5 h6 28. Kc2 g6 29. h4 Kg7 30. h5 Rd8 31. Bf3 Ra8 32. Kb3 Rd8 33. Rf1 Bd7 34. Nc7 Bc8 35. Nd5 Be6 36. Kc3 Ra8 37. a4 bxa4 38. Ra1 a5 39. Rxa4 axb4+ 40. Kxb4 Rxa4+ 41. Kxa4 Bxc5 42. Kb5 Bd4 43. Kc6 Bc8 44. Kc7 Be6 45. Kd6 gxh5 46.
gxh5 Bh3 47. Ne7 Kf6 48. Nc6 Be6 49. Nd8 Bc3 50. Nxe6 fxe6 51. Kc5 Bd4+ 52. Kd6 Bc3 53. Kd7 Kg5 54. Kxe6 Kf4 55. Bh1 Bd4 56. Kf6 Be3 57. Kg6 Kg3 58. Kf5 Bf4 59. Ke6 Kf2 60.
Kf5 Kg1 61. Bf3 Kf2 62. Bd1 Ke3 63. Bc2 Kd2 64. Ba4 Ke3 65. Be8 Kd4 66. Bg6 Ke3 67. Bf7 Kd4 68. Bg6 Ke3 69. Bf7 Kd4 70.
Bg6 1/2-1/2

[Event "*** Titled Tuesday Blitz"]
[Site "Chess.com"]
[Date "2020.10.27"]
[Round "4"]
[White "aleksey1203borisovi4"]
[Black "northridgehawk"]
[Result "1-0"]
[WhiteElo "2504"]
[BlackElo "2246"]
[TimeControl "180+1"]
[EndTime "10:39:50 PDT"]
[Termination "aleksey1203borisovi4 won by resignation"]

1. g3 Nf6 2. d3 g6 3. Bg2 Bg7 4.
Nc3 O-O 5. h4 h5 6. Bg5 c6 7.
Qd2 e5 8. Bh6 d5 9. Bxg7 Kxg7 10. Nf3 Re8 11. O-O Bg4 12. Rfe1 Nbd7 13. a3 Qe7 14. e4 Qd6 15. Nh2 Be6 16. Qg5 a5 17. Rad1 d4 18. Ne2 Qc5 19. Rc1 Qb6 20. b3 Qc5 21. a4 Qb4 22. Red1 Nh7 23. Qd2 Qxd2 24. Rxd2 Nc5 25. f4 f6 26. Rf1 Na6 27. f5 gxf5 28. exf5 Bf7 29. g4 Nb4 30. Ng3 hxg4 31. Nxg4 Rg8 32.
Ne4 Nd5 33. Kh2 Rh8 34. Nd6 Rag8 35. Nxf7 Kxf7 36. Nh6+ Ke7 37. Nxg8+ Rxg8 38. Bxd5 cxd5 39. Rg1 Rh8 40. Rg7+ Kd6 41. Rxb7 Nf8 42. Kg3 Rg8+ 43. Kh3 Nd7 44. Rg2 Rd8 45. Rg7 e4 46. dxe4 dxe4 47. h5 e3 48. Kg3 Nc5 49. Rb6+ Ke5 50. Kf3 Rd5 51. Rb5 e2 52. Kxe2 d3+ 53. cxd3 Kd4 54. Rc7 Re5+ 55. Kf3 Rxf5+ 56. Kg4 Rg5+ 57. Kh4 Nxd3 58.
Rxg5 fxg5+ 59. Kxg5 Nc5 60. Rxc5 Kxc5 61. h6 Kb4 62. h7 Kxb3 63. h8=Q Kxa4 64. Qa1+ Kb4 65. Kf4 a4 66. Ke3 a3 67. Ke2 Kb3 68. Kd1 a2 69. Kc1 Ka3 70. Qb2+ 1-0